 Dungeon Crawl Stone Soup version 0.15.0-8-gb109cf8 (webtiles) character file.

197 MDvedh the Cudgeler (level 5, 0/40 HPs)
             Began as a Vine Stalker Berserker on Aug 30, 2014.
             Was a Priest of Trog.
             Slain by Duvessa
             ... wielding a +0 cutlass
              (9 damage)
             ... on Level 4 of the Dungeon.
             The game lasted 00:04:13 (2508 turns).

MDvedh the Cudgeler (Vine Stalker Berserker)        Turns: 2508, Time: 00:04:14

HP   0/40        AC  6     Str 25      XL: 5   Next: 75%
MP   0/7         EV 10     Int  7      God: Trog [***...]
Gold 155         SH  0     Dex 14      Spells:  0 memorised,  4 levels left

rFire  . . .     SeeInvis .     a - +0 mace
rCold  . . .     Clarity  .     q - +0 ring mail
rNeg   . . .     rCorr    .     (no shield)
rPois  .         rRot     +     (no helmet)
rElec  .         Spirit   +     (no cloak)
SustAb .         Warding  .     e - +0 pair of gloves
rMut   .         Stasis   .     (no boots)
Gourm  .                        (no amulet)
MR     .....                    (no ring)
                                (no ring)

@: berserking (expiring), very quick, not resistant to hostile enchantments,
extremely unstealthy
A: fangs 2, regeneration 1, magic shield, antimagic bite, no device heal 3, rot
immunity
a: Burn Spellbooks, Berserk, Trog's Hand, Renounce Religion


You were on level 4 of the Dungeon.
You worshipped Trog.
Trog was most pleased with you.
You were not hungry.

You visited 1 branch of the dungeon, and saw 4 of its levels.

You collected 155 gold pieces.

Inventory:

Hand weapons
 a - a +0 mace (weapon)
Armour
 b - a +0 animal skin
 e - a +0 pair of gloves (worn)
 q - a +0 ring mail (worn)
Comestibles
 c - a meat ration
 f - a beef jerky
Scrolls
 i - 4 scrolls of identify {unknown}
 j - a scroll of remove curse {unknown}
 m - a scroll of recharging {unknown}
 n - a scroll of fear {unknown}
 o - a scroll of magic mapping {unknown}
 p - a scroll of blinking {unknown}
Jewellery
 d - a cursed amulet of inaccuracy {unknown}
 g - a cursed ring of loudness {unknown}
 k - an uncursed amulet of guardian spirit {unknown}
Potions
 h - a potion of cure mutation {unknown}
 l - a potion of invisibility


   Skills:
 - Level 2.6 Fighting
 + Level 5.7 Maces & Flails
 - Level 1.5 Armour
 - Level 1.5 Dodging


You had 4 spell levels left.
You didn't know any spells.

Dungeon Overview and Level Annotations

Branches:
Dungeon (4/15)
 Temple: D:4-7

Altars:
Elyvilon
Nemelex Xobeh
Qazlal

Annotations:
D:4 Duvessa


Innate Abilities, Weirdness & Mutations

You have extremely sharp teeth.
Your natural rate of healing is unusually fast.
When hurt, damage is shared between your health and your magic reserves.
Your bite disrupts and absorbs the magic of your enemies.
Potions and wands cannot restore your health.
You are immune to rotting.


Message History

You are too injured to fight recklessly!
You are too injured to fight recklessly!
You are too injured to fight recklessly!
You sock Duvessa! You bite Duvessa, but do no damage.
Duvessa is lightly wounded.
Duvessa barely misses you.
Unknown command.
You barely miss Duvessa. Your bite misses Duvessa.
Duvessa is lightly wounded.
The giant cockroach closely misses you. Duvessa misses you.
Unknown command.
You sock Duvessa! Your bite misses Duvessa.
Duvessa is moderately wounded.
The giant cockroach bites you but does no damage.
Duvessa closely misses you.
Unknown command.
You hit Duvessa. You bite Duvessa. You drain her power.
You feel invigorated.
Duvessa is heavily wounded.
Duvessa hits you with a cutlass!
You die...

######.(<.#.
#≈....# #.......#
####.###
#......######....#
#.##...# #...####
#. ..### #.### .##
#.# .# #.# #.# #@#
#)es.......
#.........
..........
#........?.
#.....[...
#........ #.#.####
#.#


You could see Duvessa (berserk) and a giant cockroach.

Vanquished Creatures
  Dowan (D:4)
  8 adders
  3 worms (D:2)
  A giant mite (D:2)
  A giant gecko (D:2)
  2 oozes
  6 orcs (D:3)
  A ball python (D:1)
  10 bats
  A giant cockroach (D:2)
  9 hobgoblins
  2 jackals (D:2)
  8 kobolds
  A quokka (D:3)
  A giant newt (D:2)
  4 goblins
  7 rats
66 creatures vanquished.

Notes
Turn   | Place    | Note
--------------------------------------------------------------
     0 | D:1      | MDvedh, the Vine Stalker Berserker, began the quest for the Orb.
     0 | D:1      | Reached XP level 1. HP: 11/11 MP: 1/1
   175 | D:1      | Reached skill level 3 in Maces & Flails
   232 | D:1      | Reached XP level 2. HP: 16/16 MP: 3/3
   719 | D:2      | Reached XP level 3. HP: 19/19 MP: 4/4
   842 | D:2      | Acquired Trog's second power
   867 | D:2      | Reached skill level 4 in Maces & Flails
  1040 | D:2      | Reached XP level 4. HP: 23/23 MP: 5/5
  1278 | D:2      | Found a white marble altar of Elyvilon.
  1307 | D:2      | Found a sparkling altar of Nemelex Xobeh.
  1442 | D:2      | HP: 1/23 [poisoned by an adder]
  1776 | D:3      | Reached skill level 5 in Maces & Flails
  1776 | D:3      | Reached XP level 5. HP: 27/27 MP: 7/7
  2476 | D:4      | Found a stormy altar of Qazlal.
  2494 | D:4      | Noticed Dowan
  2495 | D:4      | Noticed Duvessa
  2503 | D:4      | Killed Dowan
  2508 | D:4      | Slain by Duvessa

Action                   |  1- 3 |  4- 6 || total
-------------------------+-------+-------++-------
Melee: Mace              |    80 |   129 ||   209
Invok: Berserk           |     1 |     1 ||     2
  Use: Potion            |       |     5 ||     5
  Eat: Chunk             |     2 |       ||     2
       Bread ration      |       |     1 ||     1
